 Dungeon Crawl Stone Soup version 0.27-a0-1191-g601b473118 (webtiles) character file.

Game seed: 5897881224202120402

39 1player the Insei (level 3, -3/23 HPs)
             Began as an Octopode Transmuter on May 24, 2021.
             Splashed by a jelly's acid (9 damage)
             ... on level 1 of the Dungeon.
             The game lasted 00:08:34 (1665 turns).

1player the Insei (Octopode Transmuter)             Turns: 1665, Time: 00:08:35

Health: -3/23      AC: -3    Str:  9    XL:     3   Next: 45%
Magic:  6/6        EV: 17    Int: 16    God:
Gold:   30         SH:  0    Dex: 12    Spells: 2/6 levels left

rFire    . . .     SeeInvis .     - Unarmed
rCold    . . .     Faith    .   (no shield)
rNeg     . . .     Spirit   .   (helmet restricted)
rPois    .         Reflect  .   (no amulet)
rElec    .         Harm     .   e - +4 ring of evasion
rCorr    .         Rampage  .   (no ring)
Will     .....                  (no ring)
Stlth    ++........             (no ring)
HPRegen  0.07/turn              (no ring)
MPRegen  0.10/turn              (no ring)
                                (no ring)
                                (no ring)

@: corroded
A: almost no armour, amphibious, 8 rings, camouflage 1, gelatinous body 1,
(nimble swimmer 1), tentacles
a: no special abilities


You were on level 1 of the Dungeon.
You visited 1 branch of the dungeon, and saw 2 of its levels.

You collected 30 gold pieces.

Inventory:

Hand Weapons
 b - a +0 hunting sling
Missiles
 c - 49 stones
 h - 11 poisoned darts
Jewellery
 e - a +4 ring of evasion (left tentacle)
Scrolls
 a - a scroll of teleportation {unknown}
 g - a scroll of fear {unknown}
 i - 2 scrolls of identify {unknown}
Potions
 d - a potion of might {unknown}
 f - a potion of haste {unknown}


   Skills:
 + Level 1.3 Fighting
 - Level 2.0 Dodging
 * Level 3.3 Unarmed Combat
 - Level 2.0 Spellcasting
 - Level 2.0 Transmutations
 - Level 3.0 Poison Magic


You had 2 spell levels left.
You knew the following spells:

 Your Spells              Type           Power      Damage    Failure   Level
a - Beastly Appendage     Tmut           16%        N/A       9%          1
q - Spider Form           Tmut/Pois      4%         N/A       22%         3

Your spell library contained the following spells:

 Spells                   Type           Power      Damage    Failure   Level
 Wereblood                Tmut           8%         N/A       14%         2
 Ice Form                 Ice/Tmut       4%         N/A       80%         4
 Hydra Form               Tmut           4%         N/A       94%         5


Dungeon Overview and Level Annotations

Branches:
Dungeon (2/15)

Altars:
Elyvilon


Innate Abilities, Weirdness & Mutations

You cannot wear most types of armour.
You are amphibious.
You can wear up to eight rings at the same time.
Your skin changes colour to match your surroundings (Stealth+).
Your rubbery body absorbs attacks. (AC +1, EV +1)
((You are camouflaged near water. (Stealth+)))
You have tentacles for arms and can constrict up to eight enemies at once.


Message History

c - 51 stones (gained 1)
You see here a quokka corpse.
c - 52 stones (gained 1)
i - 2 scrolls labelled MOG XIBREGACI (gained 1)
A jelly comes into view.
Found a white marble altar of Elyvilon.
You shoot a stone. The stone hits the jelly.
The jelly quivers.
The jelly is lightly wounded.
You shoot a stone.
The stone hits the jelly but does no damage.
The jelly is lightly wounded.
You shoot a stone. The stone hits the jelly.
The jelly is moderately wounded.
You are now empty-tentacled.
Casting: Beastly Appendage (safe; 9% risk of failure)
Confirm with . or Enter, or press ? or * to list all spells.
The spell is extremely dangerous to cast (22% risk of failure)!
Continue anyway? [Y]es or [N]o only, please.
The spell is extremely dangerous to cast (22% risk of failure)!
Continue anyway?
You turn into a venomous arachnid creature.
You hit the jelly.
Your front legs burn!
The jelly is moderately wounded.
You hit the jelly. The acid corrodes you!
Your front legs burn!
The jelly is severely wounded.
The jelly hits you.
You are splashed with acid!
The jelly barely misses you.
Your transformation is almost over.
Your transformation has ended.
You are no longer corroded.
There is a stone staircase leading up here.
The jelly misses you.
You climb upwards.
There is a stone staircase leading down here.
The jelly completely misses you. The jelly completely misses you.
You tentacle-slap the jelly. The acid corrodes you!
Your tentacles burn!
The jelly is almost dead.
The jelly hits you.
You are splashed with acid!
You die...

#.##### #..##..###+#####).#
....).#######..##.............#
...............##.............#
#####..........##########.#####
...#...........#### ##.#
##.#..............## #..#
##.#..........###..# #.##
##.#..........####.## ##.#
##......####....@J..# #..#
.#......####........###.##
.†......'..#............#
.##.....##.#....####.####
.##.....##.#....# #.##
.##.....##.#....# #.>#
###.....##)##.### ##..#
#.....##.##.# #...#
########.##.# #.#.#


You could see a jelly.

Vanquished Creatures
  An endoplasm (D:1)
  2 giant cockroaches (D:1)
  4 goblins
  3 hobgoblins
  8 jackals (D:1)
  A quokka (D:2)
  2 ball pythons (D:1)
  5 bats (D:1)
  A frilled lizard (D:1)
  4 kobolds (D:1)
  4 rats (D:1)
35 creatures vanquished.

Notes
Turn   | Place    | Note
-------+----------+-------------------------------------------
     0 | D:1      | 1player the Octopode Transmuter began the quest for the
                  | Orb.
     0 | D:1      | Reached XP level 1. HP: 13/13 MP: 3/3
   219 | D:1      | Reached skill level 1 in Poison Magic
   332 | D:1      | Reached XP level 2. HP: 16/18 MP: 3/5
   889 | D:1      | Reached XP level 3. HP: 12/23 MP: 4/6
  1130 | D:1      | Learned a level 3 spell: Spider Form
  1584 | D:2      | Found a white marble altar of Elyvilon.
  1665 | D:1      | Splashed by a jelly's acid

Illustrated notes

Levels and vault maps discovered:
D:1:      lemuel_arrival_room, layout_basic, glass_columns_c,
          minmay_misc_feat_iff
D:2:      layout_rooms, basic_altar

Skill      XL: |  1  2 |
---------------+-------+-----
Poison Magic   | 1 3 |  3.0
Fighting       | |  1.3
Dodging        | |  2.0
Unarmed Combat | |  3.3
Spellcasting   | |  2.0
Transmutations | |  2.0

Action                   || total
-------------------------++-------
Melee: Unarmed           ||    61
       Constrict         ||    16
       Kick              ||     9
       Tentacles         ||     7
       Punch             ||     1
 Fire: Hunting sling     ||    21
 Cast: Beastly Appendage ||    13
       Spider Form       ||     2
Armor: Skin              ||    12
Dodge: Dodged            ||    44

Table legend: (Time is in decaauts)
 A = Elapsed time spent in this place.
 B = Non-inter-level travel time spent in this place.
 C = Inter-level travel time spent in this place.
 D = Time resting spent in this place.
 E = Time spent auto-exploring this place.
 F = Levels seen in this place.
 G = Mean time per level.
                   A        B        C        D        E       F      G
               +--------+--------+--------+--------+--------+-----+--------+
         Total |   1658 |   1633 |     25 |    429 |    356 |   2 |  829.0 |
       Dungeon |   1658 |   1633 |     25 |    429 |    356 |   2 |  829.0 |
               +--------+--------+--------+--------+--------+-----+--------+

Top non-repeatable levels by time:
     D:1: 1446 daAuts
     D:2: 212 daAuts
